 Dungeon Crawl Stone Soup version 0.25.1-9-gc5326a611f (webtiles) character file.

Game seed: 17889437991831166901

9494 ZombieEsc the Cleaver (level 11, -8/95 HPs)
             Began as a Minotaur Berserker on Feb 27, 2021.
             Was an Elder of Trog.
             Mangled by an orc knight
             ... wielding a +0 long sword
              (29 damage)
             ... on level 1 of the Orcish Mines.
             The game lasted 00:54:15 (7991 turns).

ZombieEsc the Cleaver (Minotaur Berserker)          Turns: 7991, Time: 00:54:16

Health: -8/95      AC: 17    Str: 25    XL:     11   Next: 23%
Magic:  10/10      EV:  7    Int:  4    God:    Trog [****..]
Gold:   766        SH: 12    Dex: 10    Spells: 10/10 levels left

rFire    x . .     SeeInvis +   I - +8 war axe of Yceny {speed, SInv}
rCold    + . .     Gourm    .   e - +0 kite shield
rNeg     . . .     Faith    .   y - +3 plate armour
rPois    .         Spirit   .   (helmet restricted)
rElec    .         Reflect  .   (no cloak)
rCorr    .         Harm     .   (no gloves)
MR       .....                  (no boots)
Stlth    ..........             h - amulet of regeneration
HPRegen  0.65/turn              w - ring of ice
MPRegen  0.12/turn              (no ring)

@: berserk cooldown, slowed, lightly drained, very slow
A: retaliatory headbutt, horns 2
a: Berserk, Trog's Hand, Brothers in Arms, Renounce Religion


You were on level 1 of the Orcish Mines.
You worshipped Trog.
Trog was greatly pleased with you.
You were hungry.

You visited 2 branches of the dungeon, and saw 10 of its levels.

You collected 934 gold pieces.
You spent 168 gold pieces at shops.

Inventory:

Hand Weapons
 a - a +0 hand axe
 I - the +8 war axe of Yceny (weapon) {speed, SInv}
   (You found it on level 7 of the Dungeon)

   Attacks with this weapon are significantly faster.
   It lets you see invisible.
 N - a +0 battleaxe
Armour
 b - a +0 animal skin
 e - a +0 kite shield (worn)
 m - a +0 ring mail
 q - a +0 chain mail
 u - a +0 helmet
 y - a +3 plate armour (worn)
 E - a +0 buckler
 L - the cursed +1 chain mail "Obeenize" {Harm rF+ SInv, unknown}
   (You found it on level 9 of the Dungeon)

   It protects you from fire.
   It lets you see invisible.
   It increases damage dealt and taken.
   It has a curse placed upon it.
Jewellery
 h - an amulet of regeneration (around neck)
 w - a ring of ice (left hand)
 K - an uncursed amulet of faith
Wands
 l - a wand of flame (4)
 s - a wand of digging (12)
 t - a wand of clouds (5)
 G - a wand of acid (11)
 H - a wand of disintegration (11)
Scrolls
 d - 3 scrolls of remove curse
 g - 2 scrolls of fear
 i - a scroll of fog {unknown}
 k - 6 scrolls of teleportation
 x - a scroll of vulnerability {unknown}
 A - a scroll of noise {unknown}
 D - a scroll of random uselessness {unknown}
 J - a scroll of brand weapon {unknown}
 O - a scroll of enchant armour
 P - a scroll of magic mapping {unknown}
 Q - 2 scrolls of identify
Potions
 f - 2 potions of heal wounds
 j - a potion of cancellation {unknown}
 n - 2 potions of lignification {unknown}
 o - 2 potions of curing
 p - 2 potions of mutation {unknown}
 r - 2 potions of stabbing {unknown}
 v - 2 potions of brilliance {unknown}
 z - a potion of ambrosia {unknown}
 B - a potion of resistance {unknown}
 C - a potion of magic {unknown}
 F - 2 potions of flight
Comestibles
 c - 13 rations
 M - a chunk of flesh


   Skills:
 + Level 8.8(8.7) Fighting
 + Level 13.8(13.7) Axes
 + Level 9.4(9.3) Armour
 + Level 3.7(3.6) Dodging
 + Level 1.5(1.4) Stealth
 + Level 9.4 Shields


You had 10 spell levels left.
You didn't know any spells.
Your spell library was empty.

Dungeon Overview and Level Annotations

Branches:
Dungeon (9/15)             Temple (0/1) D:5             Orc (1/2) D:9
   Lair: D:8-11

Altars:
Ashenzari
Cheibriados
Kikubaaqudgha
Nemelex Xobeh
Vehumet
Yredelemnul
Zin
Beogh

Shops:
D:4 }   D:7 ?   Orc:1 ?

Annotations:
D:8 2 transporters


Innate Abilities, Weirdness & Mutations

You reflexively headbutt those who attack you in melee.
You have a pair of horns on your head.


Message History

a +0 dagger; a +0 robe You feel sick.
You feel better. You block the orc knight's attack.
The orc knight hits you with a +0 long sword!!
Okay, then.
Eat one of 2 chunks of flesh? (ye/n/q)
You eat one of the 2 chunks of flesh.
This raw flesh tastes terrible.
You are feeling hungry.
You block the orc knight's attack.
The orc knight hits you with a +0 long sword.
You hit the orc knight.
The orc knight is severely wounded.
Your plate armour prevents you from hitting the orc knight.
The orc knight hits you with a +0 long sword!!
* * * LOW HITPOINT WARNING * * *
The orc knight hits you with a +0 battleaxe.
* * * LOW HITPOINT WARNING * * *
You feel better.
The orc knight hits you with a +0 long sword!!
You die...

### ## ###.## o.# ##..o@#
..# ##..)o## ...## ##.#.).#
###o.....
###...)).###........
#######.#..........oT..#..
##.##.#.....###............
#...........# ##...#..###o#
#.......#.## #...#...# o
##..#...##.# ##.###.##


You could see 2 orc knights.

Vanquished Creatures
  An orc warlord (Orc:1)
  A two-headed ogre (D:9)
  An orc high priest (Orc:1)
  An orc sorcerer (Orc:1)
  A troll (Orc:1)
  A hornet (D:8)
  A hippogriff (D:9)
  Sigmund (D:3)
  A wraith (D:9)
  A steam dragon (D:9)
  2 sky beasts (D:5)
  2 ice beasts (D:7)
  12 orc warriors
  2 phantoms
  2 necrophages
  4 ogres
  A centaur (D:7)
  2 big kobolds
  2 bullfrogs
  A scorpion (D:6)
  13 killer bees
  A bullfrog zombie (D:8)
  A crimson imp (D:7)
  12 orc priests
  A centaur zombie (D:9)
  11 hounds
  A quasit (D:9)
  A bullfrog skeleton (D:4)
  2 iguanas (D:7)
  4 jellies (D:9)
  11 orc wizards
  A gnoll shaman (D:9)
  Terence (D:2)
  6 worker ants
  A hound skeleton (D:7)
  7 gnolls (D:9)
  6 adders
  3 shadow imps
  6 oozes
  2 adder skeletons
  A worm (D:5)
  A dart slug (D:1)
  3 leopard geckos
  61 orcs
  A ball python (D:3)
  3 bats
  4 giant cockroaches
  3 goblins
  8 hobgoblins
  12 jackals
  5 quokkas
  5 frilled lizards
  A giant cockroach zombie (D:6)
  9 kobolds
  A leopard gecko skeleton (D:5)
  A quokka zombie (D:5)
  4 rats
  A spectral orc (D:4)
255 creatures vanquished.

Vanquished Creatures (collateral kills)
  Harold (D:7)
  A troll (Orc:1)
  A hound (D:7)
  An orc wizard (Orc:1)
4 creatures vanquished.

Grand Total: 259 creatures vanquished

Notes
Turn   | Place    | Note
-------+----------+-------------------------------------------
     0 | D:1      | ZombieEsc the Minotaur Berserker began the quest for the
                  | Orb.
     0 | D:1      | Reached XP level 1. HP: 19/19 MP: 0/0
   206 | D:1      | Reached XP level 2. HP: 22/27 MP: 1/1
   623 | D:1      | Found a snail-covered altar of Cheibriados.
   954 | D:2      | Found a faded altar of an unknown god.
  1027 | D:2      | Reached skill level 4 in Axes
  1027 | D:2      | Reached XP level 3. HP: 27/34 MP: 2/2
  1122 | D:2      | Reached ** piety under Trog
  1207 | D:2      | Noticed Terence
  1221 | D:2      | Killed Terence
  1221 | D:2      | Reached skill level 1 in Shields
  1465 | D:2      | Found a glowing silver altar of Zin.
  1677 | D:3      | Reached XP level 4. HP: 41/41 MP: 3/3
  1816 | D:3      | Noticed Sigmund
  1826 | D:3      | Killed Sigmund
  1826 | D:3      | Reached skill level 5 in Fighting
  1826 | D:3      | Reached skill level 5 in Axes
  1826 | D:3      | Reached skill level 1 in Stealth
  1826 | D:3      | Reached XP level 5. HP: 28/48 MP: 4/4
  2038 | D:3      | Reached XP level 6. HP: 55/56 MP: 5/5
  2437 | D:4      | Reached *** piety under Trog
  2500 | D:4      | Reached skill level 6 in Axes
  2519 | D:4      | Reached XP level 7. HP: 25/61 MP: 6/6
  2642 | D:4      | Found a basalt altar of Yredelemnul.
  2794 | D:4      | Found Pemuzal's Gadget Boutique.
  3117 | D:5      | Entered Level 5 of the Dungeon
  3206 | D:5      | Found a staircase to the Ecumenical Temple.
  3346 | D:5      | Reached skill level 5 in Armour
  3498 | D:5      | Reached skill level 7 in Axes
  3628 | D:5      | Reached **** piety under Trog
  4195 | D:6      | Reached XP level 8. HP: 70/70 MP: 7/7
  4265 | D:6      | Reached skill level 8 in Axes
  4351 | D:6      | Found a radiant altar of Vehumet.
  4503 | D:6      | Reached skill level 5 in Shields
  4698 | D:6      | Found a shattered altar of Ashenzari.
  4702 | D:6      | Saw a vision of the Shoals and the Snake Pit.
  4702 | D:6      | Noticed a salamander
  4702 | D:6      | Noticed a merfolk
  4702 | D:6      | Noticed a black mamba
  4702 | D:6      | Noticed a merfolk siren
  4702 | D:6      | Noticed a merfolk
  4702 | D:6      | Noticed a merfolk siren
  4702 | D:6      | Noticed a sea snake
  4702 | D:6      | Noticed a black mamba
  4702 | D:6      | Noticed a sea snake
  4702 | D:6      | Noticed a hippogriff
  4702 | D:6      | Noticed an anaconda
  4713 | D:6      | Noticed an anaconda
  5130 | D:7      | Noticed Harold
  5141 | D:7      | Killed Harold
  5141 | D:7      | Reached skill level 9 in Axes
  5141 | D:7      | Reached XP level 9. HP: 78/78 MP: 8/8
  5230 | D:7      | Found a sparkling altar of Nemelex Xobeh.
  5261 | D:7      | Got a crude war axe
  5262 | D:7      | Identified the +8 war axe of Yceny {speed, SInv} (You found
                  | it on level 7 of the Dungeon)
  5530 | D:7      | Found Xeebbim's Magic Scroll Shop.
  5535 | D:7      | Bought a scroll of identify for 24 gold pieces
  5535 | D:7      | Bought a scroll of identify for 24 gold pieces
  5542 | D:7      | Bought a scroll of identify for 24 gold pieces
  5590 | D:8      | Reached skill level 10 in Axes
  5742 | D:8      | Reached ***** piety under Trog
  5816 | D:8      | Found an ancient bone altar of Kikubaaqudgha.
  6122 | D:8      | Noticed a seven-headed hydra
  6125 | D:8      | Found a transporter.
  6146 | D:8      | Found a transporter.
  6421 | D:9      | Reached skill level 11 in Axes
  6461 | D:9      | Noticed a two-headed ogre
  6466 | D:9      | Reached XP level 10. HP: 59/86 MP: 9/9
  6477 | D:9      | Killed a two-headed ogre
  6797 | D:9      | Got a warped chain mail
  7129 | D:9      | Reached skill level 12 in Axes
  7202 | D:9      | Found a staircase to the Orcish Mines.
  7578 | Orc:1    | Entered Level 1 of the Orcish Mines
  7578 | Orc:1    | Found Wuhufa's Magic Scroll Shoppe.
  7623 | Orc:1    | Bought a scroll of identify for 32 gold pieces
  7623 | Orc:1    | Bought a scroll of identify for 32 gold pieces
  7623 | Orc:1    | Bought a scroll of identify for 32 gold pieces
  7644 | Orc:1    | Noticed an orc warlord
  7663 | Orc:1    | Killed an orc warlord
  7663 | Orc:1    | Reached skill level 13 in Axes
  7668 | Orc:1    | Reached XP level 11. HP: 87/95 MP: 10/10
  7744 | Orc:1    | Found a roughly hewn altar of Beogh.
  7750 | Orc:1    | Noticed an orc high priest
  7771 | Orc:1    | Killed an orc high priest
  7948 | Orc:1    | Noticed an orc sorcerer
  7950 | Orc:1    | Noticed an orc knight
  7971 | Orc:1    | Killed an orc sorcerer
  7982 | Orc:1    | Noticed an orc knight
  7991 | Orc:1    | Mangled by an orc knight

Illustrated notes

Levels and vault maps discovered:
D:1:      roderic_octagonal_star, layout_basic, cheibriados_altar_1
D:2:      layout_basic, lemuel_round_altar, chequers_ecumenical_altar_twisty,
          uniq_terence
D:3:      layout_loops_cross, first_ration, uniq_sigmund
D:4:      layout_basic, yredelemnul_forgotten_temple_becter, serial_shops, shop
D:5:      layout_gridville, minmay_temple_entry_waves
D:6:      layout_loops_ring, basic_altar, grunt_ashenzari_visionary
          [grunt_ashenzari_visionary_shoals, grunt_ashenzari_visionary_snake]
D:7:      minmay_clustersquares, layout_cave_pools,
          nemelex_xobeh_ov_fountains_minmay, serial_shops, shop, uniq_harold
D:8:      cheibrodos_elevator_heist, layout_loops_ring,
          gammafunk_temple_overflow_arena
D:9:      layout_loops_corners, hiddenorc1_lemuel,
          hangedman_little_slice_of_home, hangedman_abyss_or_decor_slice
Orc:1:    orc_temple, layout_caves, special_room [special_room_orc],
          serial_shops, shop

Skill      XL: |  1  2  3  4  5  6  7  8  9 10 |
---------------+-------------------------------+-----
Fighting       | 4 5 6 7 8 |  8.8
Axes           | 4 5 6 7 9 11 13 | 13.8
Shields        | 1 2 4 6 8 9 |  9.4
Armour         | 3 4 5 6 8 9 |  9.4
Dodging        | 3 |  3.7
Stealth        | 1 |  1.5

Action                   |  1- 3 |  4- 6 |  7- 9 | 10-12 || total
-------------------------+-------+-------+-------+-------++-------
Melee: Hand axe          |    79 |   106 |   267 |       ||   452
       Headbutt          |    12 |    19 |    79 |    30 ||   140
       War axe           |       |       |   138 |   194 ||   332
Invok: Berserk           |       |     2 |     2 |     3 ||     7
       Brothers in Arms  |       |       |     1 |     1 ||     2
  Use: Scroll            |     1 |     3 |     8 |     1 ||    13
       Potion            |       |       |       |     2 ||     2
 Stab: Distracted        |       |       |       |     1 ||     1
  Eat: Chunk             |     1 |     5 |    15 |     5 ||    26
       Ration            |       |       |     1 |       ||     1
Armor: Animal skin       |    11 |       |       |       ||    11
       Ring mail         |     3 |     6 |       |       ||     9
       Chain mail        |       |    30 |    70 |       ||   100
       Plate armour      |       |       |    79 |    33 ||   112
Dodge: Dodged            |    23 |    31 |    87 |    25 ||   166
Block: Kite shield       |    33 |    31 |   171 |    69 ||   304
